 Dungeon Crawl Stone Soup version 0.28-a0-771-g91a516d0e7 (webtiles) character file.

Game seed: 8003010491088387142

2712 Essalna the Firebug (level 9, -1/49 HPs)
             Began as a Gargoyle Fire Elementalist on Nov 1, 2021.
             Was a Believer of Vehumet.
             Slain by passata's ghost (15 damage)
             ... on level 7 of the Dungeon.
             The game lasted 00:21:39 (8969 turns).

Essalna the Firebug (Gargoyle Fire Elementalist)    Turns: 8969, Time: 00:21:39

Health: -1/49      AC: 12    Str: 12    XL:     9   Next: 66%
Magic:  18/27      EV: 12    Int: 22    God:    Vehumet [**....]
Gold:   208        SH:  0    Dex: 10    Spells: 18/21 levels left

rFire   . . .      SeeInvis .   g - +4 short sword
rCold   . . .      Faith    .   (no shield)
rNeg    + . .      Spirit   .   u - +2 robe of Ysirr {Int+3}
rPois   ∞          Reflect  .   k - +1 helmet
rElec   +          Harm     .   (no cloak)
rCorr   .          Rampage  .   (no gloves)
Will    .....                   (no boots)
Stlth   ++........              (no amulet)
HPRegen 0.16/turn               A - ring of magical power
MPRegen 0.20/turn               (no ring)

@: no status effects
A: sickness immunity, AC +6, negative energy resistance 1, electricity
resistance, torment resistance 1, petrification resistance
a: Renounce Religion


You were on level 7 of the Dungeon.
You worshipped Vehumet.
Vehumet was pleased with you.
You visited 2 branches of the dungeon, and saw 8 of its levels.
You also visited: Sewer.

You collected 468 gold pieces.
You spent 260 gold pieces at shops.

Inventory:

Hand Weapons
 c - a +0 dagger
 g - a +4 short sword (weapon)
Armour
 a - a +0 robe
 k - a +1 helmet (worn)
 p - a +1 ring mail of fire resistance
 u - the +2 robe of Ysirr (worn) {Int+3}
   (You found it on level 6 of the Dungeon)

   Int:       It affects your intelligence (+3).
Magical Staves
 d - a staff of poison
Jewellery
 A - a ring of magical power (left hand)
Wands
 j - a wand of acid (2)
 C - a wand of paralysis (8)
Scrolls
 e - 3 scrolls of identify
 f - a scroll of blinking
 i - 3 scrolls of fear
 o - a scroll of fog {unknown}
 q - 2 scrolls of enchant armour
 w - a scroll of enchant weapon {unknown}
 x - 2 scrolls of vulnerability {unknown}
 y - a scroll of teleportation
 B - a scroll of amnesia
Potions
 b - 3 potions of haste
 h - a potion of lignification {unknown}
 l - 4 potions of curing {unknown}
 m - a potion of berserk rage {unknown}
 n - 2 potions of degeneration {unknown}
 r - 2 potions of attraction {unknown}
 s - a potion of heal wounds {unknown}
 t - a potion of might {unknown}
 v - 2 potions of invisibility {unknown}
 z - a potion of mutation {unknown}


   Skills:
 + Level 2.9 Fighting
 + Level 2.8 Armour
 + Level 2.7 Dodging
 - Level 2.1 Stealth
 + Level 6.5 Spellcasting
 + Level 7.5 Conjurations
 + Level 7.5 Fire Magic


You had 18 spell levels left.
You knew the following spells:

 Your Spells              Type           Power      Damage    Failure   Level
a - Foxfire               Conj/Fire      100%       2x1d9     1%          1
b - Scorch                Fire           80%        2d9       1%          2

Your spell library contained the following spells:

 Spells                   Type           Power      Damage    Failure   Level
 Static Discharge         Conj/Air       23%        N/A       2%          2
 Conjure Flame            Conj/Fire      40%        6-21      1%          3
 Flame Wave               Conj/Fire      40%        3d8       3%          4
 Inner Flame              Hex/Fire       23%        N/A       5%          3
 Animate Skeleton         Necr           14%        N/A       9%          1
 Apportation              Tloc           14%        N/A       9%          1
 Summon Small Mammal      Summ           28%        N/A       9%          1
 Corpse Rot               Necr/Air       14%        N/A       13%         2
 Ensorcelled Hibernation  Hex/Ice        14%        N/A       13%         2
 Passwall                 Tmut/Erth      5%         N/A       13%         2
 Spider Form              Tmut/Pois      3%         N/A       26%         3
 Swiftness                Air            7%         N/A       26%         3
 Tukima's Dance           Hex            7%         N/A       26%         3
 Dispel Undead            Necr           7%         3d8       65%         4
 Passage of Golubria      Tloc           7%         N/A       65%         4
 Yara's Violent Unravell  Hex/Tmut       3%         3d4       94%         5
 Death Channel            Necr           3%         N/A       100%        6
 Invisibility             Hex            3%         N/A       100%        6


Dungeon Overview and Level Annotations

Branches:
Dungeon (7/15)             Temple (1/1) D:4           Sewer (visited)

Altars:
Ashenzari
Cheibriados
Dithmenos
Elyvilon
Gozag
Hepliaklqana
Kikubaaqudgha
Makhleb
Nemelex Xobeh
Okawaru
Qazlal
Ru
Sif Muna
Trog
Uskayaw
Vehumet
Wu Jian
Xom
Yredelemnul
The Shining One

Shops:
D:2 =**?   D:5 *   D:6 [   D:7 (

Annotations:
D:7 passata's ghost, novice GrFi


Innate Abilities, Weirdness & Mutations

You are immune to sickness and miasma.
Your stone body is resilient. (AC +6)
You are immune to poison.
You resist negative energy. (rN+)
You are resistant to electric shocks. (rElec)
You are resistant to unholy torment.
You are immune to petrification.


Message History

You now have 198 gold pieces (gained 12).
n - 2 murky red potions (gained 1)
Found a flail.
Found a leather armour.
Found a flail.
B - a scroll of amnesia You now have 208 gold pieces (gained 10).
C - a wand of paralysis (8)
You see here 19 arrows.
Passata's ghost turns its malevolent gaze towards you.
Done exploring.
Done exploring.
Done exploring.
Done exploring.
You open the door.
Casting: Foxfire (safe; 1% risk of failure)
Confirm with . or Enter, or press ? or * to list all spells.
Flames lash passata's ghost.
Passata's ghost is moderately damaged.
Passata's ghost's fire resistance burns away.
Passata's ghost hits you.
Casting: Scorch (safe; 1% risk of failure)
Confirm with . or Enter, or press ? or * to list all spells.
Flames lash passata's ghost but do no damage.
Passata's ghost barely misses you.
Casting: Scorch (safe; 1% risk of failure)
Confirm with . or Enter, or press ? or * to list all spells.
Flames lash passata's ghost but do no damage.
Passata's ghost hits you!
Casting: Scorch (safe; 1% risk of failure)
Confirm with . or Enter, or press ? or * to list all spells.
Flames lash passata's ghost but do no damage.
Passata's ghost wails.
Passata's ghost hits you!
* * * LOW HITPOINT WARNING * * *
Casting: Scorch (safe; 1% risk of failure)
Confirm with . or Enter, or press ? or * to list all spells.
Flames lash passata's ghost but do no damage.
Passata's ghost hits you!
You die...

#######..#.....####..##.....##
..#...#......#........#.....#
.....))..[...##.(.#.......###
#.<..##......###..#.#.....#
.....#......###.....##....#
.........#######...).....##
.........#[....#.....#....##
........##)≈≈≈≈W.....##....#
##......##.....#@.#....(..##
.#.....#########.......#.##
..#.>.#####.....##.##..#..#
.##...#.............##....#
......#.####.#......###..##
....#...#####.....### ####
##......#.##...####
###.......#...##
.####........###


You could see passata's ghost (combustible).

Vanquished Creatures
  Pikel (D:5)
  A steam dragon (D:7)
  2 ice beasts
  2 orc warriors (D:7)
  A sky beast (D:7)
  An ogre (D:4)
  3 centaurs
  A necrophage (D:6)
  3 lemures
  3 phantoms
  2 bullfrogs
  A scorpion (D:4)
  4 wights
  A killer bee (D:7)
  2 orc priests (D:7)
  4 jellies
  4 iguanas
  2 orc wizards (D:7)
  2 hound skeletons (D:5)
  4 gnolls (D:5)
  A howler monkey skeleton (D:7)
  7 adders
  An adder skeleton (D:4)
  3 dart slugs
  14 orcs
  8 ball pythons
  23 endoplasms
  11 giant cockroaches
  8 goblins
  6 hobgoblins
  11 kobolds
  15 quokkas
  5 bats
  12 frilled lizards
  5 rats
174 creatures vanquished.

Vanquished Creatures (others)
  653 foxfires
  5 fungi (D:2)
  7 toadstools (D:2)
665 creatures vanquished.

Grand Total: 839 creatures vanquished

Notes
Turn   | Place    | Note
-------+----------+-------------------------------------------
     0 | D:1      | Essalna the Gargoyle Fire Elementalist began the quest for
                  | the Orb.
     0 | D:1      | Reached XP level 1. HP: 10/10 MP: 3/3
   190 | D:1      | Reached XP level 2. HP: 2/15 MP: 0/5
  1011 | D:2      | Reached XP level 3. HP: 19/19 MP: 4/6
  1108 | D:2      | Found Kuryic's Assorted Antiques.
  1157 | D:2      | Found Enoosan's Magic Scroll Emporium.
  1297 | D:2      | Found Lecash's General Store.
  1410 | D:2      | Reached XP level 4. HP: 21/24 MP: 4/8
  1503 | D:2      | Found Malutila's Jewellery Shop.
  2263 | D:2      | Reached XP level 5. HP: 13/28 MP: 5/9
  2720 | D:3      | Found a faded altar of an unknown god.
  3215 | D:3      | Found a hazy altar of Hepliaklqana.
  3219 | D:3      | Found a sacrificial altar of Ru.
  3223 | D:3      | Found a white marble altar of Elyvilon.
  3470 | D:4      | Noticed an ogre
  3472 | D:4      | Noticed a phantom
  3512 | D:4      | Noticed Pikel
  3517 | D:4      | Noticed a lemure
  3517 | D:4      | Noticed a lemure
  3520 | D:4      | Noticed a lemure
  3522 | D:4      | Found a staircase to the Ecumenical Temple.
  3527 | Temple   | Entered the Ecumenical Temple
  3550 | Temple   | Became a worshipper of Vehumet
  3670 | D:4      | Noticed an ice beast
  3677 | D:4      | Killed an ogre
  3678 | D:4      | Reached XP level 6. HP: 32/32 MP: 5/11
  3681 | D:4      | Learned a level 2 spell: Scorch
  3701 | D:4      | Killed an ice beast
  3721 | D:4      | Reached skill level 5 in Fire Magic
  3721 | D:4      | Reached XP level 7. HP: 36/36 MP: 0/13
  3732 | D:5      | Entered Level 5 of the Dungeon
  3866 | D:5      | Found a broken altar of Ashenzari.
  4021 | D:5      | Found Ecuequi's Assorted Antiques.
  4118 | D:5      | Found a glowing drain.
  4132 | Sewer    | Entered a sewer
  4245 | Sewer    | Reached * piety under Vehumet
  4245 | Sewer    | Offered knowledge of Sandblast by Vehumet.
  4909 | Sewer    | Reached skill level 5 in Conjurations
  5820 | D:6      | Offered knowledge of Freeze by Vehumet.
  5907 | D:6      | Reached ** piety under Vehumet
  5908 | D:6      | Reached XP level 8. HP: 9/41 MP: 7/15
  6228 | D:4      | Paralysed by Pikel for 2 turns
  6253 | D:5      | Killed Pikel
  6254 | D:5      | Reached skill level 5 in Spellcasting
  6279 | D:6      | Found Mifuisor's Antique Armour Shop.
  7069 | D:6      | Reached XP level 9. HP: 43/46 MP: 8/18
  7143 | D:6      | Reached skill level 1 in Fighting
  7143 | D:6      | Reached skill level 1 in Armour
  7286 | D:6      | Identified the +2 robe of Ysirr {Int+3}
  8155 | D:7      | Found a runed translucent door.
  8155 | D:7      | Noticed passata's ghost (novice GrFi)
  8243 | D:7      | Offered knowledge of Static Discharge by Vehumet.
  8398 | D:7      | Found Ruqieg's Weapon Shoppe.
  8625 | D:2      | Bought a ring of magical power for 260 gold pieces
  8969 | D:7      | Slain by passata's ghost

Illustrated notes

Levels and vault maps discovered:
D:1:      eino_arrival_cavern_d, layout_rooms, chequers_serial_rivers_room_b
D:2:      cheibrodos_fertilizer, layout_loops_ring, serial_shops,
          nicolae_shop_behind_doors, shop_fountains, nicolae_shop_statue_plus,
          nicolae_shop_stone
D:3:      layout_basic, grunt_temple_overflow_diamond,
          shapermc_ecumenical_altar_flowoftime, minmay_misc_feat_four_crosses
D:4:      layout_rooms, minmay_temple_entry_ruins, enter_ossuary_5,
          minmay_diced_spiral, uniq_pikel
D:5:      layout_basic, mainiacjoe_overflow_concentric_impassable,
          portal_sewer_entry_a, corexii_corridor_pit, minmay_shop_grid_forest,
          corexii_checkpoint_b
D:6:      layout_rooms, serial_shops, shop
D:7:      layout_cave_pools, ebering_ghost_reflecting_pool, serial_shops,
          kennysheep_mini_moat, minmay_chambers_of_fives
Temple:   lightli_temple_of_artemis

Skill      XL: |  1  2  3  4  5  6  7  8  9 |
---------------+----------------------------+-----
Conjurations   | 2 3 4 5 6 7 |  7.5
Spellcasting   | 3 4 6 |  6.5
Fire Magic     | 4 5 7 |  7.5
Fighting       | 2 |  2.9
Armour         | 2 |  2.8
Dodging        | 2 |  2.7
Stealth        | |  2.1

Action                   |  1- 3 |  4- 6 |  7- 9 || total
-------------------------+-------+-------+-------++-------
Melee: Dagger            |    18 |       |       ||    18
       Unarmed           |     1 |       |       ||     1
       Short sword       |     3 |    47 |    34 ||    84
 Cast: Foxfire           |    47 |    69 |   263 ||   379
       Scorch            |       |       |    55 ||    55
Evoke: Wand              |       |       |     3 ||     3
  Use: Scroll            |       |     9 |     1 ||    10
 Stab: Sleeping          |       |     2 |       ||     2
Armor: Robe              |     6 |    16 |    42 ||    64
Dodge: Dodged            |    12 |    42 |    77 ||   131

Table legend: (Time is in decaauts)
 A = Elapsed time spent in this place.
 B = Non-inter-level travel time spent in this place.
 C = Inter-level travel time spent in this place.
 D = Time resting spent in this place.
 E = Time spent auto-exploring this place.
 F = Levels seen in this place.
 G = Mean time per level.
                   A        B        C        D        E       F      G
               +--------+--------+--------+--------+--------+-----+--------+
         Total |   9093 |   8038 |   1055 |    512 |   6134 |   9 | 1010.3 |
       Dungeon |   8009 |   6970 |   1039 |    512 |   5248 |   7 | 1144.1 |
        Temple |     40 |     24 |     16 |      0 |      0 |   1 |   40.0 |
         Sewer |   1042 |   1042 |      0 |      0 |    885 |   1 | 1042.0 |
               +--------+--------+--------+--------+--------+-----+--------+

Top non-repeatable levels by time:
     D:5: 1711 daAuts
     D:2: 1655 daAuts
   Sewer: 1042 daAuts
     D:6: 1012 daAuts
     D:1: 1003 daAuts
     D:7: 938 daAuts
     D:3: 933 daAuts
     D:4: 754 daAuts
  Temple: 40 daAuts
